 Dungeon Crawl Stone Soup version 0.18.1-1-g2f07953 (webtiles) character file.

583 Eucla the Ruffian (level 7, -1/52 HPs)
             Began as a Red Draconian Transmuter on Oct 2, 2016.
             Was a Believer of Cheibriados.
             Slain by Pikel
             ... wielding a +2 whip of electrocution
              (20 damage)
             ... on level 5 of the Dungeon.
             The game lasted 00:05:06 (3994 turns).

Eucla the Ruffian (Red Draconian Transmuter)        Turns: 3994, Time: 00:05:07

Health: -1/52      AC:  6    Str: 18    XL:     7   Next: 14%
Magic:  10/10      EV: 12    Int: 17    God:    Cheibriados [**....]
Gold:   233        SH:  0    Dex: 16    Spells: 3 memorised, 4 levels left

rFire  + . .     SeeInvis .       - Unarmed
rCold  + . .     Gourm    .     (armour unavailable)
rNeg   . . .     Faith    .     (no shield)
rPois  .         Spirit   .     (helmet restricted)
rElec  .         Dismiss  .     (no cloak)
rCorr  .         Reflect  .     (no gloves)
SustAt .         Harm     .     (no boots)
MR     .....                    A - amulet of rage
Stlth  +.........               u - ring of ice
                                h - ring of protection from fire

@: short of breath, very slow, not resistant to hostile enchantments, very
unstealthy
A: breathe fire, unfitting armour, fire resistance 1, cold-blooded, AC +6
a: Breathe Fire, Bend Time, Renounce Religion, Evoke Berserk Rage


You were on level 5 of the Dungeon.
You worshipped Cheibriados.
Cheibriados was pleased with you.
You were hungry.

You visited 1 branch of the dungeon, and saw 5 of its levels.

You collected 233 gold pieces.

Inventory:

Missiles
 a - 21 arrows
Armour
 r - a +0 buckler
Jewellery
 h - a ring of protection from fire (left hand)
 u - a ring of ice (right hand)
 y - a cursed -3 ring of dexterity
 A - an amulet of rage (around neck)
Wands
 z - a wand of disintegration (17/24)
Scrolls
 d - 2 scrolls of remove curse
 f - 3 scrolls of teleportation
 j - a scroll of fear
 n - a scroll of amnesia
Potions
 e - a potion of magic {unknown}
 g - a potion of degeneration
 l - a potion of agility
 m - 2 potions of curing
 p - a potion of resistance
 t - a potion of heal wounds
 x - a potion of brilliance {unknown}
Books
 b - a book of Changes

   Spells                             Type                      Level
   a - Beastly Appendage              Transmutation                1
   b - Sticks to Snakes               Transmutation                2
   c - Spider Form                    Transmutation/Poison         3
   d - Ice Form                       Ice/Transmutation            4
   e - Blade Hands                    Transmutation                5
Comestibles
 c - a bread ration
 v - 4 beef jerkies
 w - a fruit


   Skills:
 - Level 1.1 Fighting
 - Level 1.7 Dodging
 * Level 6.8 Unarmed Combat
 - Level 2.0 Spellcasting
 + Level 4.9 Transmutations


You had 4 spell levels left.
You knew the following spells:

 Your Spells              Type           Power        Failure   Level  Hunger
a - Beastly Appendage     Trmt           ###...       2%          1    #......
b - Sticks to Snakes      Trmt           ###.....     4%          2    ###....
c - Spider Form           Trmt/Pois      ##........   24%         3    ###....


Dungeon Overview and Level Annotations

Branches:
Dungeon (5/15)
 Temple: D:4-7

Altars:
Ashenzari
Cheibriados
Trog
The Shining One

Annotations:
D:5 Pikel


Innate Abilities, Weirdness & Mutations

You can breathe blasts of fire.
Your fiery red scales are hard (AC +6).
Your body does not fit into most forms of armour.
Your flesh is heat resistant.
You are cold-blooded and may be slowed by cold attacks.


Message History

Pikel is moderately wounded.
Unknown command.
You hit Pikel but do no damage.
Pikel is moderately wounded.
Pikel hits you with a whip of electrocution.
You are electrocuted!
You punch Pikel!
Pikel is heavily wounded.
Pikel closely misses you.
You hit Pikel but do no damage.
Pikel is heavily wounded.
Pikel barely misses you.
You punch Pikel!
Pikel is almost dead.
Pikel completely misses you.
You closely miss Pikel.
Pikel is almost dead.
Pikel hits you with a whip of electrocution.
You are electrocuted!
You die...

#.########
#.p§pK@..#
########.#
#.# #)#
#.# #.#
#### #.#
#.#
...######
#.# #.#
........#
#.# #.#
##.####.#
#.# #.#
#.# #.#
#.# #.#


You could see Pikel and 2 slaves.

Vanquished Creatures
  The ghost of wa11 the Skirmisher, an amateur DrTm (D:4)
  An ice beast (D:5)
  A phantom (D:5)
  An orc priest (D:5)
  3 worker ants
  3 adders
  4 gnolls
  An ooze (D:1)
  2 adder skeletons
  A worm (D:4)
  5 dart slugs
  A giant gecko (D:3)
  10 orcs
  4 giant cockroaches
  7 goblins
  4 hobgoblins
  2 jackals (D:3)
  2 quokkas
  A ball python (D:3)
  6 bats
  A giant gecko skeleton (D:5)
  5 giant newts
  8 kobolds
  8 rats
82 creatures vanquished.

Notes
Turn   | Place    | Note
--------------------------------------------------------------
     0 | D:1      | Eucla the Draconian Transmuter began the quest for the Orb.
     0 | D:1      | Reached XP level 1. HP: 16/16 MP: 3/3
    30 | D:1      | Reached XP level 2. HP: 17/23 MP: 5/5
    36 | D:1      | Learned a level 2 spell: Sticks to Snakes
   549 | D:1      | Reached XP level 3. HP: 28/28 MP: 6/6
   804 | D:2      | Found a snail-covered altar of Cheibriados.
   838 | D:2      | Reached skill level 4 in Unarmed Combat
   856 | D:2      | Became a worshipper of Cheibriados the Contemplative
   924 | D:2      | Learned a level 3 spell: Spider Form
  1402 | D:3      | Reached * piety under Cheibriados
  1402 | D:3      | Reached XP level 4. HP: 24/35 MP: 7/7
  1539 | D:3      | Found a shattered altar of Ashenzari.
  2680 | D:4      | Reached XP level 5. HP: 23/40 MP: 8/8
  2712 | D:4      | Found a glowing golden altar of the Shining One.
  2718 | D:4      | Noticed wa11's ghost (amateur DrTm)
  2735 | D:4      | Killed wa11's ghost
  2735 | D:4      | Reached skill level 5 in Unarmed Combat
  2735 | D:4      | Reached XP level 6. HP: 47/47 MP: 9/9
  3273 | D:5      | Entered Level 5 of the Dungeon
  3438 | D:5      | Reached ** piety under Cheibriados
  3445 | D:5      | Reached skill level 6 in Unarmed Combat
  3900 | D:5      | Noticed an ice beast
  3912 | D:5      | Killed an ice beast
  3912 | D:5      | Your scales start taking on a fiery red colour.
  3912 | D:5      | Reached XP level 7. HP: 42/52 MP: 10/10
  3912 | D:5      | Gained mutation: Your flesh is heat resistant. [Red Draconian growth]
  3917 | D:5      | Found a bloodstained altar of Trog.
  3983 | D:5      | Noticed Pikel
  3994 | D:5      | Slain by Pikel

Skill      XL: |  1  2  3  4  5  6 |
---------------+-------------------+-----
Unarmed Combat | 4 5 6 |  6.8
Transmutations | 3 4 |  4.9
Fighting       | |  1.1
Dodging        | |  1.7
Spellcasting   | |  2.0

Action                   |  1- 3 |  4- 6 |  7- 9 || total
-------------------------+-------+-------+-------++-------
Melee: Unarmed           |   149 |   184 |    10 ||   343
       Tailslap          |    21 |    30 |     3 ||    54
       Punch             |     2 |     7 |       ||     9
 Cast: Spider Form       |       |     1 |       ||     1
 Abil: Breathe Fire      |       |       |     1 ||     1
  Use: Potion            |       |     2 |       ||     2
       Scroll            |       |       |    13 ||    13
 Stab: Sleeping          |     2 |     2 |       ||     4
       Distracted        |       |     1 |       ||     1
  Eat: Chunk             |     1 |     1 |       ||     2
       Bread ration      |     1 |       |       ||     1
Armor: Skin              |    54 |    43 |       ||    97
Dodge: Dodged            |    99 |   102 |     3 ||   204
